 Dungeon Crawl Stone Soup version 0.24-a0-439-g6dd8730de2 (webtiles) character file.

Game seed: 13127479983535889456

29696 Nattfarinn the Earth Mage (level 13, -11/87 HPs)
             Began as a Gargoyle Earth Elementalist on June 18, 2019.
             Was a High Priest of Vehumet.
             Mangled by Agnes
             ... wielding a +2 lajatang of speed
              (19 damage)
             ... on level 14 of the Dungeon.
             The game lasted 01:08:44 (17871 turns).

Nattfarinn the Earth Mage (GrEE)                   Turns: 17871, Time: 01:08:45

Health: -11/87     AC: 18    Str: 12    XL:     13   Next: 46%
Magic:  6/25       EV: 12    Int: 21    God:    Vehumet [*****.]
Gold:   789        SH:  0    Dex: 18    Spells: 8/29 levels left

rFire    . . .     SeeInvis .   g - +3 trident (venom)
rCold    . . .     Gourm    +   (no shield)
rNeg     + . .     Faith    .   O - +1 robe of the Known World {Dex+8}
rPois    ∞         Spirit   .   k - +2 helmet
rElec    +         Reflect  .   M - scarf {repulsion}
rCorr    +         Harm     .   (no gloves)
MR       +....                  w - +2 pair of boots
Stlth    ++........             j - amulet of the gourmand
HPRegen  0.24/turn              e - ring of protection from magic
MPRegen  0.19/turn              F - ring of resist corrosion

@: repel missiles
A: negative energy resistance 1, electricity resistance, unbreathing,
petrification resistance, rot immunity, AC +9
a: Renounce Religion


You were on level 14 of the Dungeon.
You worshipped Vehumet.
Vehumet was extremely pleased with you.
You were not hungry.

You visited 1 branch of the dungeon, and saw 14 of its levels.

You collected 789 gold pieces.

Inventory:

Hand Weapons
 g - a +3 trident of venom (weapon)
 o - a +2 dagger of electrocution
 G - the +5 war axe "Axkaiwny" {holy, *Noise rF+ rN++}
   (You found it on level 9 of the Dungeon)

   It has been blessed by the Shining One to cause great damage to the undead
   and demons.
   It protects you from fire.
   It greatly protects you from negative energy.
   It may make noises in combat.
Missiles
 b - 20 stones (quivered)
Armour
 k - a +2 helmet (worn)
 w - a +2 pair of boots (worn)
 M - a scarf of repulsion (worn)
 O - the +1 robe of the Known World (worn) {Dex+8}
   (You found it on level 12 of the Dungeon)

   It affects your dexterity (+8).
Magical Staves
 s - an uncursed staff of cold
Jewellery
 e - a ring of protection from magic (left hand)
 j - an amulet of the gourmand (around neck)
 C - an uncursed ring of flight
 F - a ring of resist corrosion (right hand)
 H - an uncursed ring of fire
Wands
 v - a wand of random effects (85)
 y - a wand of disintegration (13)
 D - a wand of polymorph (17)
 E - a wand of clouds (4)
 J - a wand of enslavement (6)
 L - a wand of paralysis (4)
Scrolls
 a - a scroll of fog
 c - a scroll of identify
 f - 2 scrolls of amnesia
 i - 8 scrolls of remove curse
 l - 3 scrolls of blinking
 n - 11 scrolls of teleportation
 r - 3 scrolls of fear
 A - 3 scrolls of magic mapping
 B - 2 scrolls of immolation
 K - a scroll of summoning {unknown}
 P - a scroll of vulnerability {unknown}
Potions
 h - 2 potions of mutation {unknown}
 m - a potion of lignification {unknown}
 q - 3 potions of curing
 t - 4 potions of flight
 u - a potion of brilliance {unknown}
 x - a potion of berserk rage {unknown}
 z - 3 potions of magic
 I - a potion of might {unknown}
 Q - a potion of ambrosia {unknown}
Comestibles
 d - 29 rations


   Skills:
 - Level 12.9 Fighting
 - Level 1.5 Dodging
 - Level 2.1 Stealth
 + Level 8.9 Spellcasting
 + Level 11.1 Conjurations
 - Level 0.7 Transmutations
 * Level 15.3 Earth Magic


You had 8 spell levels left.
You knew the following spells:

 Your Spells              Type           Power        Failure   Level  Hunger
a - Sandblast             Erth           ######       0%          1    None
b - Stone Arrow           Conj/Erth      ######       1%          3    None
c - Lee's Rapid Deconstr  Erth           ######....   1%          5    #####..
d - Petrify               Tmut/Erth      #####...     2%          4    ###....
e - Iron Shot             Conj/Erth      ######....   1%          6    ######.
f - Passwall              Tmut/Erth      #####...     1%          2    None

Your spell library contained the following spells:

 Spells                   Type           Power        Failure   Level  Hunger
 Magic Dart               Conj           ####         1%          1    None
 Conjure Flame            Conj/Fire      ####....     1%          3    None
 Mephitic Cloud           Conj/Pois/Air  ####....     1%          3    None
 Animate Skeleton         Necr           N/A          8%          1    None
 Apportation              Tloc           #.....       8%          1    None
 Confusing Touch          Hex            #.....       8%          1    None
 Pain                     Necr           #...         8%          1    None
 Summon Butterflies       Summ           #.......     8%          1    None
 Summon Small Mammal      Summ           #...         8%          1    None
 Blink                    Tloc           N/A          11%         2    None
 Call Imp                 Summ           #.......     11%         2    None
 Slow                     Hex            #.......     11%         2    None
 Call Canine Familiar     Summ           #.......     22%         3    None
 Regeneration             Chrm/Necr      #.........   22%         3    None
 Vampiric Draining        Necr           #.........   22%         3    None
 Animate Dead             Necr           N/A          58%         4    ###....
 Summon Ice Beast         Ice/Summ       #.......     58%         4    ###....
 Summon Mana Viper        Hex/Summ       #.......     90%         5    #####..
 Summon Hydra             Summ           #.........   100%        7    #######


Dungeon Overview and Level Annotations

Branches:
Dungeon (14/15)            Temple (0/1) D:5            Lair (0/6) D:10
    Orc (0/2) D:12         Vaults (0/5) D:13

Altars:
Ashenzari
Qazlal
Vehumet

Shops:
D:6 (

Annotations:
D:3 2 transporters, Nattfarinn's ghost, amateur TeSu
D:5 2 runed translucent doors, Edmund; Tarias's ghost, novice OpTm
D:14 Agnes


Innate Abilities, Weirdness & Mutations

You are resistant to torment.
Your stone body is resilient. (AC +9)
You are immune to poison.
You resist negative energy. (rN+)
You are resistant to electric shocks. (rElec)
You can survive without breathing.
You are immune to petrification.
You are immune to rotting.


Message History

Confirm with . or Enter, or press ? or * to list all spells.
Aiming: Lee's Rapid Deconstruction (safe; 1% risk of failure)
Press: ? - help, Dir - move target cursor A rock wall.
The wall shatters!
The blast of rock fragments hits Agnes!
Agnes is severely wounded.
Agnes asks, "Have you seen my kris anywhere?"
Agnes hits you with a +2 lajatang of speed.
Agnes hits you with a +2 lajatang of speed!!
Casting: Lee's Rapid Deconstruction (safe; 1% risk of failure)
Confirm with . or Enter, or press ? or * to list all spells.
Aiming: Lee's Rapid Deconstruction (safe; 1% risk of failure)
Press: ? - help, Dir - move target cursor A rock wall.
The wall shatters!
The blast of rock fragments hits Agnes!
Agnes is almost dead.
Agnes hits you with a +2 lajatang of speed!!
* * * LOW HITPOINT WARNING * * *
Agnes hits you with a +2 lajatang of speed!!
You die...

### #......#
#####.########.####.#
#...#.............#.######
#.#.#......#.##.#......#
#.#.#.####.#.##.######.# #
#.#.#.# #.#.##.# #.#
..#..#.#.#.####.#<##.# #.#
..............>#.####.######.#
...##.###.#.#..#@............#
#.#........#i#.##.######## #
#.####≈..#.#.##...
#............######
####≈≈≈≈≈≈.......#
#.....≈≈≈≈≈≈≈#####....
####≈.≈≈≈≈≈≈≈≈ ## ....≈≈≈≈≈≈≈≈
.....≈≈≈≈≈≈≈≈≈


You could see Agnes.

Vanquished Creatures
  Josephine (D:10)
  Fannar (D:10)
  A centaur warrior (D:13)
  4 two-headed ogres
  A deep elf knight (D:13)
  An unseen horror (D:10)
  A wizard (D:14)
  An orc knight (D:13)
  A wolf spider zombie (D:12)
  3 deep elf magi (D:13)
  4 ugly things
  A cyclops (D:12)
  Maurice (D:8)
  A gargoyle (D:14)
  4 freezing wraiths
  4 yaktaurs (D:13)
  6 trolls
  A merfolk (D:12)
  2 hornets
  6 slime creatures (D:12)
  3 hippogriffs
  7 wraiths
  18 yaks
  A wyvern (D:10)
  A hungry ghost (D:9)
  A steam dragon (D:12)
  3 wargs (D:10)
  An acid dragon (D:10)
  A soldier ant (D:13)
  4 black bears
  An ice beast (D:7)
  5 sky beasts
  An eye of draining (D:12)
  5 orc warriors
  16 centaurs
  7 ogres
  A phantom (D:6)
  A boggart (D:13)
  A crocodile (D:11)
  4 big kobolds
  A wyvern zombie (D:13)
  8 bullfrogs
  3 scorpions
  12 killer bees
  A wight (D:7)
  6 howler monkeys
  2 bullfrog zombies
  14 crimson imps
  A quasit (D:10)
  4 centaur zombies
  6 orc priests
  2 centaur skeletons
  5 hounds
  4 jellies
  9 orc wizards
  A gnoll shaman (D:6)
  4 iguanas
  Ijyb (D:3)
  9 worker ants
  A killer bee zombie (D:6)
  A hound zombie (D:6)
  A hound skeleton (D:10)
  A worker ant zombie (D:5)
  Robin (D:2)
  15 gnolls
  17 adders
  4 river rats (D:5)
  4 shadow imps
  An ooze (D:2)
  An adder zombie (D:8)
  4 worms
  2 dart slugs (D:1)
  9 leopard geckos
  40 orcs
  6 bats
  6 giant cockroaches
  17 hobgoblins
  26 jackals
  16 kobolds
  A quokka (D:5)
  2 ball pythons
  7 frilled lizards
  30 goblins
  A jackal skeleton (D:4)
  A leopard gecko skeleton (D:4)
  A quokka skeleton (D:8)
  10 rats
446 creatures vanquished.

Vanquished Creatures (others)
  An orc wizard (D:13)
1 creature vanquished.

Grand Total: 447 creatures vanquished

Notes
Turn   | Place    | Note
-------+----------+-------------------------------------------
     0 | D:1      | Nattfarinn the Gargoyle Earth Elementalist began the quest
                  | for the Orb.
     0 | D:1      | Reached XP level 1. HP: 10/10 MP: 3/3
   135 | D:1      | Reached skill level 4 in Earth Magic
   249 | D:1      | Reached XP level 2. HP: 15/15 MP: 3/5
   547 | D:1      | Reached XP level 3. HP: 19/19 MP: 4/6
   989 | D:2      | Reached skill level 5 in Earth Magic
   997 | D:2      | Reached XP level 4. HP: 20/24 MP: 1/8
  1172 | D:2      | Reached XP level 5. HP: 26/28 MP: 9/9
  1330 | D:2      | Reached skill level 6 in Earth Magic
  1383 | D:2      | Found a shattered altar of Ashenzari.
  1399 | D:2      | Noticed Robin
  1412 | D:2      | Killed Robin
  2402 | D:3      | Found a faded altar of an unknown god.
  2528 | D:3      | Reached XP level 6. HP: 32/32 MP: 3/11
  2627 | D:3      | Reached skill level 7 in Earth Magic
  2873 | D:3      | Found a transporter.
  2877 | D:3      | Noticed Nattfarinn's ghost (amateur TeSu)
  2878 | D:3      | Found a transporter.
  3225 | D:3      | Noticed Ijyb
  3232 | D:3      | Killed Ijyb
  3669 | D:4      | Reached XP level 7. HP: 36/36 MP: 7/13
  3783 | D:4      | Reached skill level 8 in Earth Magic
  3877 | D:4      | Found a radiant altar of Vehumet.
  3919 | D:4      | Became a worshipper of Vehumet
  4310 | D:4      | Learned a level 3 spell: Stone Arrow
  4316 | D:4      | Learned a level 5 spell: Lee's Rapid Deconstruction
  4389 | D:5      | Entered Level 5 of the Dungeon
  4508 | D:5      | Noticed Edmund
  4515 | D:5      | Reached * piety under Vehumet
  4515 | D:5      | Offered knowledge of Sting by Vehumet.
  4563 | D:4      | Reached skill level 9 in Earth Magic
  5007 | D:5      | Found a large runed translucent door.
  5007 | D:5      | Found a large runed translucent door.
  5008 | D:5      | Noticed Tarias's ghost (novice OpTm)
  5136 | D:5      | Found a staircase to the Ecumenical Temple.
  5141 | D:5      | Reached XP level 8. HP: 38/41 MP: 11/15
  5397 | D:5      | Reached skill level 5 in Spellcasting
  5660 | D:5      | Learned a level 4 spell: Petrify
  5787 | D:6      | Reached skill level 10 in Earth Magic
  5884 | D:6      | Reached ** piety under Vehumet
  5938 | D:6      | Offered knowledge of Flame Tongue by Vehumet.
  6116 | D:6      | Found Oxistug's Weapon Shop.
  6305 | D:6      | You fall into a shaft and drop 1 floor!
  6601 | D:7      | Reached skill level 11 in Earth Magic
  6799 | D:7      | Reached XP level 9. HP: 37/45 MP: 15/18
  7046 | D:7      | Reached skill level 12 in Earth Magic
  7225 | D:7      | Offered knowledge of Inner Flame by Vehumet.
  7654 | D:8      | Reached *** piety under Vehumet
  7777 | D:8      | Reached skill level 1 in Fighting
  7885 | D:8      | Reached skill level 1 in Conjurations
  7925 | D:8      | Noticed Maurice
  8007 | D:8      | Killed Maurice
  8115 | D:8      | Offered knowledge of Ignite Poison by Vehumet.
  8162 | D:8      | Reached XP level 10. HP: 56/56 MP: 20/20
  8200 | D:8      | Noticed a two-headed ogre
  8205 | D:8      | Killed a two-headed ogre
  8205 | D:8      | Reached skill level 5 in Fighting
  8609 | D:9      | Reached **** piety under Vehumet
  8609 | D:9      | Reached skill level 5 in Conjurations
  8995 | D:9      | Noticed a two-headed ogre
  9004 | D:9      | Killed a two-headed ogre
  9004 | D:9      | Reached XP level 11. HP: 49/71 MP: 21/21
  9017 | D:9      | Offered knowledge of Conjure Flame by Vehumet.
  9044 | D:9      | Noticed a two-headed ogre
  9050 | D:9      | Killed a two-headed ogre
  9094 | D:9      | Got an iridescent war axe
  9095 | D:9      | Identified the +5 war axe "Axkaiwny" {holy, *Noise rF+
                  | rN++} (You found it on level 9 of the Dungeon)
  9208 | D:9      | Found a stormy altar of Qazlal.
  9528 | D:10     | Entered Level 10 of the Dungeon
  9546 | D:10     | Reached skill level 10 in Fighting
 10287 | D:10     | Noticed a two-headed ogre
 10292 | D:10     | Killed a two-headed ogre
 10322 | D:10     | Noticed Josephine
 10329 | D:10     | Killed Josephine
 10351 | D:10     | Found a staircase to the Lair.
 10644 | D:11     | Reached ***** piety under Vehumet
 10653 | D:11     | Noticed a death knight
 10754 | D:10     | Killed an unseen horror
 10890 | D:10     | Noticed Fannar
 10981 | D:11     | Offered knowledge of Poison Arrow by Vehumet.
 10981 | D:11     | Reached XP level 12. HP: 60/81 MP: 11/22
 11085 | D:10     | Killed Fannar
 13754 | D:12     | Reached skill level 13 in Earth Magic
 14358 | D:12     | Found a staircase to the Orcish Mines.
 15137 | D:12     | Got a shadowed robe
 15148 | D:12     | Identified the cursed +1 robe of the Known World {Dex+8}
                  | (You found it on level 12 of the Dungeon)
 15297 | D:12     | Reached skill level 10 in Conjurations
 15731 | D:13     | Noticed a centaur warrior
 15756 | D:13     | Killed a centaur warrior
 16063 | D:13     | Reached skill level 14 in Earth Magic
 16289 | D:13     | Reached XP level 13. HP: 78/87 MP: 23/25
 16606 | D:13     | Offered knowledge of Iron Shot by Vehumet.
 16749 | D:13     | Learned a level 6 spell: Iron Shot
 17018 | D:13     | Reached skill level 15 in Earth Magic
 17092 | D:13     | Found a gate to the Vaults.
 17354 | D:14     | Learned a level 2 spell: Passwall
 17764 | D:14     | Noticed Agnes
 17871 | D:14     | Mangled by Agnes

Levels and vault maps discovered:
D:1:      ncdulo_watergridlock, layout_loops_ring
D:2:      kb_forest_paths, layout_basic, evilmike_ruin_ashenzari, minmay_vboxes,
          uniq_robin
D:3:      kennysheep_goblin_castle, layout_rooms,
          chequers_ecumenical_altar_simple, gammafunk_ghost_smash
D:4:      layout_basic, kennysheep_mini_moat, first_ration
D:5:      wad_woods_tower, layout_basic, minmay_temple_entry_grid,
          gup_sewer_entry_bubbles, ebering_ghost_disaster_area, serial_glass,
          glass_columns_c, glass_columns_b, uniq_edmund
D:6:      layout_loops_ring, serial_shops, shop
D:7:      minmay_octagon_keep, layout_basic, nicolae_overflow_hidden_temple
D:8:      layout_basic, uniq_maurice
D:9:      layout_cave_pods, lemuel_coloured_pillars_altar
D:10:     layout_roguey, erik_lair_orcish_takeover, uniq_josephine, uniq_fannar
D:11:     layout_cave_pools
D:12:     layout_cave_pods, orc_0_dummy, hangedman_fish_farm
D:13:     layout_roguey, hangedman_vaults_entry_quadrant_bands
D:14:     layout_basic, hangedman_decor_points, uniq_rupert, uniq_kirke,
          uniq_frances, uniq_agnes

Skill      XL: |  1  2  3  4  5  6  7  8  9 10 11 12 13 |
---------------+----------------------------------------+-----
Earth Magic    | 4 5 6 7 9 11 12 14 15 | 15.3
Spellcasting   | 3 4 6 7 8 |  8.9
Fighting       | 4 9 12 | 12.9
Conjurations   | 2 6 8 10 11 | 11.1
Dodging        | |  1.5
Stealth        | |  2.1
Transmutations | |  0.7

Action                   |  1- 3 |  4- 6 |  7- 9 | 10-12 | 13-15 || total
-------------------------+-------+-------+-------+-------+-------++-------
Melee: Unarmed           |     8 |       |       |       |       ||     8
       Whip              |    31 |    26 |       |       |       ||    57
       Dagger            |       |   106 |    11 |       |       ||   117
       Trident           |       |       |    27 |   141 |    16 ||   184
 Cast: Sandblast         |    45 |    80 |   189 |   253 |    25 ||   592
       Lee's Rapid Decon |       |       |     4 |    44 |    24 ||    72
       Stone Arrow       |       |       |       |    63 |     4 ||    67
       Petrify           |       |       |       |     3 |       ||     3
       Iron Shot         |       |       |       |       |     4 ||     4
  Use: Potion            |       |     5 |       |     3 |       ||     8
       Scroll            |       |     4 |     1 |    17 |     5 ||    27
 Stab: Sleeping          |       |       |     3 |     4 |     1 ||     8
  Eat: Chunk             |     1 |     8 |    15 |    25 |     8 ||    57
       Ration            |       |       |       |     3 |     2 ||     5
Armor: Robe              |    27 |    77 |    45 |   175 |    19 ||   343
Dodge: Dodged            |    59 |   123 |    74 |   175 |    21 ||   452
       Deflected         |       |       |       |     3 |     3 ||     6

Table legend:
 A = Non-vault XP
 B = Vault XP
 C = Vault XP percentage of total XP
 D = Non-vault monster count
 E = Vault monster count
 F = Vault count percentage of total count
                 A         B        C        D         E       F
            +---------+---------+-------+---------+---------+-------
      Total |   31997 |   10427 |  24.6 |     353 |      93 |  20.9
            +---------+---------+-------+---------+---------+-------
        D:1 |      61 |       0 |   0.0 |      33 |       0 |   0.0
        D:2 |     123 |      78 |  38.8 |      16 |      26 |  61.9
        D:3 |     150 |      51 |  25.4 |      25 |      12 |  32.4
        D:4 |     421 |       0 |   0.0 |      31 |       0 |   0.0
        D:5 |     280 |     135 |  32.5 |      21 |      13 |  38.2
        D:6 |     592 |       0 |   0.0 |      17 |       0 |   0.0
        D:7 |    1265 |     548 |  30.2 |      25 |       8 |  24.2
        D:8 |    1486 |     457 |  23.5 |      18 |       1 |   5.3
        D:9 |    5165 |       0 |   0.0 |      43 |       0 |   0.0
       D:10 |    4243 |    3764 |  47.0 |      36 |      15 |  29.4
       D:11 |    4310 |       0 |   0.0 |      22 |       0 |   0.0
       D:12 |    4175 |     293 |   6.6 |      24 |       1 |   4.0
       D:13 |    6075 |    5101 |  45.6 |      33 |      17 |  34.0
       D:14 |    3651 |       0 |   0.0 |       9 |       0 |   0.0
            +---------+---------+-------+---------+---------+-------
